Match 47437118
Unlisted

Match 47437118
End
Construct Infanterie Kompanie
Selects Terror Battlegroup
Selects Machine Gun Camouflage
MG 42 Machine Gun Team
Grenadier Squad
Grenadier Squad
MG 42 Machine Gun Team
Infanterie Officer Quarters
GrW 34 Mortar Team
Construct Panzergrenadier Kompanie
Pak 40 Anti-tank Gun Team
MG 42 Bunker
Pak 40 Anti-tank Gun Team
Selects No Quarter
Support Elements
Imperiale
Bananenratte
HI
Amx50Foch155
0
0

Comments sign in to comment!

No comments posted yet!